Unix NetHack Version 3.7.0-53 Work-in-progress - last build Mar 21 2022 02:33:53 (e25487e73a26563eb890138f5364dfe52547422e,branch:master). Game began 2022-03-27 08:06:21, ended 2022-03-28 07:37:53. elenmirie, neutral female gnomish Archeologist --- . --------- . ##-.......| . # |...Z...| . ### |...>...| . # |.......| | # ------.-- ## ## ## # ## # @# # a# % -----.- #### 0####### # |...<.| # --|-|- |.....|#### |....| |...^[-# |..)[| ------- 0########-....| |....| ------ Elenmirie the Investigator St:15 Dx:9 Co:12 In:19 Wi:17 Ch:10 Neutral Dlvl:7 $:0 HP:0(46) Pw:29(29) AC:5 Xp:6/375 T:4316 Burdened Latest messages: You see here a jaguar corpse. You are beginning to feel hungry. You hit the killer bee. The killer bee stings! You miss the killer bee. The killer bee stings! The killer bee stings! The killer bee misses! You miss the killer bee. The killer bee stings! You kill the killer bee! What do you want to eat? [d or ?*] ? Blecch! Rotten food! You finish eating the food ration. You stop searching. The killer bee stings! You kill the newt! The killer bee stings! You miss the killer bee. The killer bee misses! You miss the killer bee. The killer bee stings! The killer bee just misses! You miss the killer bee. The killer bee stings! You miss the killer bee. The killer bee stings! The killer bee's sting was poisoned! The poison doesn't seem to affect you. You miss the killer bee. The killer bee stings! The killer bee's sting was poisoned! The poison doesn't seem to affect you. The killer bee stings! You miss the killer bee. The killer bee stings! You hit the killer bee! The killer bee just misses! You miss the killer bee. The killer bee stings! You kill the garter snake! The killer bee stings! The killer bee stings! The killer bee stings! You die... Do you want your possessions identified? [ynq] (y) y Do you want to see your attributes? [ynq] (y) y Do you want an account of creatures vanquished? [ynaq] (y) y Do you want to see your conduct and achievements? [ynq] (y) y Do you want to see the dungeon overview? [ynq] (y) y Major events: Turn 1: elenmirie the neutral female gnomish Archeologist entered the dungeon 943: attained the rank of Field Worker (level 3) 989: entered the Gnomish Mines 3705: reached Mine Town 4244: attained the rank of Investigator (level 6) 4316: killed by a killer bee Inventory: Weapons j - 4 uncursed +0 daggers (at the ready) a - an uncursed +2 bullwhip Armor c - a blessed +0 fedora (being worn) q - an uncursed +0 pair of speed boots (being worn) n - an uncursed +0 pair of water walking boots v - an uncursed +0 alchemy smock with text "If we weren't meant to eat animals, why are they made out of meat?" (being worn) p - an uncursed +0 studded leather armor (being worn) Comestibles d - 3 uncursed food rations Rings h - an uncursed ring of cold resistance x - a blessed +2 ring of increase accuracy Y - an uncursed ring of polymorph control Tools w - an uncursed sack containing 19 items k - an uncursed bag of tricks (0:20) e - an uncursed +0 pick-axe (weapon in hand) t - an uncursed tinning kit (0:30) o - a cursed towel named c Gems/Stones g - an uncursed touchstone Contents of the sack: 649 gold pieces a blessed scroll of blank paper 3 uncursed scrolls of blank paper 2 cursed scrolls of blank paper 3 uncursed scrolls of enchant armor 2 uncursed scrolls of enchant weapon 2 uncursed scrolls of enchant weapon 2 cursed scrolls of enchant weapon an uncursed scroll of fire an uncursed scroll of gold detection 2 uncursed scrolls of stinking cloud 2 uncursed scrolls of teleportation an uncursed potion of enlightenment an uncursed potion of fruit juice a blessed potion of gain energy an uncursed potion of healing a blessed potion of sickness an uncursed potion of sickness a cursed potion of sleeping Elenmirie the Archeologist's attributes: Background: You were an Investigator, a level 6 female gnomish Archeologist. You were neutral, on a mission for Camaxtli who was opposed by Quetzalcoatl (lawful) and Huhetotl (chaotic). You were in the Dungeons of Doom, on level 7. You entered the dungeon 4316 turns ago. You had 375 experience points, 265 more were needed to attain level 7. Basics: You had 0 out of 46 hit points. You had all 29 energy points (spell power). Your armor class was 5. Your wallet was empty. Autopickup was on for '$' plus thrown. Final Characteristics: Your strength was 15 (limit:18/50). Your dexterity was 9 (limit:18). Your constitution was 12 (limit:18). Your intelligence was 19 (limit:19). Your wisdom was 17 (limit:18). Your charisma was 10 (limit:18). Final Status: You were not hungry. You were burdened; movement was slightly slowed. You were wielding a pick-axe. You were skilled in pick-axe. Final Attributes: You were piously aligned. You were poison resistant. You were acid resistant. Your items were protected from acid. You were telepathic. You had infravision. You were stealthy. You were warded. You were very fast. You are dead. Miscellaneous: You encountered 1 bones level. Total elapsed playing time was 1 hour, 5 minutes and 9 seconds. Vanquished creatures: a jaguar a rock mole a yellow light a gray ooze a straw golem 2 paper golems 5 floating eyes 4 dwarves a homunculus 2 hill orcs 4 rothes a rabid rat a giant bat a werejackal 2 iguanas 2 killer bees 2 gas spores 2 hobbits 2 manes a large kobold 2 hobgoblins 2 giant rats a cave spider a brown mold a yellow mold 4 gnomes 5 garter snakes 4 gnome zombies 7 geckos 12 jackals a fox a kobold 10 grid bugs 11 lichens 11 newts 110 creatures vanquished. No species were genocided or became extinct. Voluntary challenges: You read items or engraved 8 times. You never engraved Elbereth. You never genocided any monsters. You never polymorphed an object. You never changed form. You used no wishes. Achievements: You entered a shop. You attained the rank of Field Worker. You entered the Gnomish Mines. You entered Minetown. You attained the rank of Investigator. The Dungeons of Doom: levels 1 to 7 Level 1: Level 2: A scroll shop, a fountain. Level 3: A fountain. Stairs down to The Gnomish Mines. Level 4: Some sinks. Level 5: Level 6: A fountain. Level 7: <- You were here. Final resting place for you, killed by a killer bee, lew-Wiz-Hum-Mal-Cha, killed by a killer bee. The Gnomish Mines: levels 4 to 6 Level 4: Level 5: Level 6: Game over: ---------- / \ / REST \ / IN \ / PEACE \ / \ | elenmirie | | 649 Au | | killed by a | | killer bee | | | | | | 2022 | *| * * * | * _________)/\\_//(\/(/\)/\//\/|_)_______ Goodbye elenmirie the Archeologist... You died in The Dungeons of Doom on dungeon level 7 with 2395 points, and 649 pieces of gold, after 4316 moves. You were level 6 with a maximum of 46 hit points when you died.